 Dungeon Crawl Stone Soup version 0.30-a0-996-ga6910c8ee8 (webtiles) character file.

Game seed: 12067600006339301175

4474 Luminant the Basher (level 10, 0/99 HPs)
             Began as a Minotaur Berserker on Apr 5, 2023.
             Was an Elder of Trog.
             Slain by a yak (12 damage)
             ... on level 8 of the Dungeon.
             The game lasted 00:45:46 (5779 turns).

Luminant the Basher (Minotaur Berserker)            Turns: 5779, Time: 00:45:46

Health: 0/99       AC: 21    Str: 25    XL:     10   Next: 15%
Magic:  0/9        EV:  8    Int:  4    God:    Trog [****..]
Gold:   422        SH:  9    Dex: 11    Spells: 9/9 levels left

rFire   x . .      SeeInvis +    L - +6 flail (freeze)
rCold   . . .      Faith    .    w - +0 kite shield
rNeg    + . .      Spirit   +    n - +3 plate armour
rPois   .          Reflect  .    (helmet restricted)
rElec   .          Rampage  .    m - +1 cloak {rCorr}
rCorr   +                        f - +0 pair of gloves
Will    +....                    B - +0 pair of boots Stlth
                                 o - amulet of guardian spirit
HPRegen 1.36/turn                z - ring of positive energy
MPRegen 0.11/turn                c - ring of resist corrosion

@: weak-willed, strong-willed, on berserk cooldown, regenerating
A: horns 2, retaliatory headbutt, see invisible, robust 1, heat vulnerability 1
a: Renounce Religion, Berserk, Trog's Hand, Brothers in Arms


You were on level 8 of the Dungeon.
You worshipped Trog.
Trog was greatly pleased with you.
You visited 1 branch of the dungeon, and saw 8 of its levels.

You collected 422 gold pieces.

Inventory:

Hand Weapons
 a - a +0 mace
 l - a +4 quarterstaff of chaos
 u - a +1 quarterstaff of draining
 L - a +6 flail of freezing (weapon)
Armour
 f - a +0 pair of gloves (worn)
 m - a +1 cloak of preservation (worn)
 n - a +3 plate armour (worn)
 w - a +0 kite shield (worn)
 B - a +0 pair of boots (worn)
Jewellery
 c - a ring of resist corrosion (right hand)
 e - a ring of fire
 o - an amulet of guardian spirit (around neck)
 z - a ring of positive energy (left hand)
 G - a +4 ring of protection
Wands
 C - a wand of paralysis (11)
 H - a wand of flame (14)
Scrolls
 b - 2 scrolls of teleportation
 k - 2 scrolls of poison
 q - a scroll of brand weapon
 v - a scroll of fog
 x - 2 scrolls of magic mapping
 J - a scroll of enchant armour
Potions
 h - 2 potions of curing
 i - 3 potions of attraction {unknown}
 j - 2 potions of heal wounds
 p - a potion of might
 s - 2 potions of brilliance {unknown}
 t - 3 potions of magic {unknown}
 A - a potion of resistance {unknown}
 E - a potion of flight {unknown}
 F - a potion of invisibility {unknown}
 I - a potion of lignification {unknown}


   Skills:
 + Level 8.7 Fighting
 + Level 8.8 Maces & Flails
 + Level 8.2 Armour
 + Level 7.5 Dodging
 + Level 5.7 Shields
 + Level 3.9 Evocations


You had 9 spell levels left.
You didn't know any spells.
Your spell library was empty.

Dungeon Overview and Level Annotations

Branches:
Dungeon (8/15)             Temple (0/1) D:5
   Lair: D:8-11

Altars:
Fedhas
Okawaru

Shops:
D:1 *[


Innate Abilities, Weirdness & Mutations

You have a pair of horns on your head.
You reflexively headbutt those who attack you in melee.
You have supernaturally acute eyesight. (SInv)
You are robust. (+10% HP)
You are vulnerable to heat. (rF-)


Message History

The yak gores you but does no damage. x2; You block the yak's attack. x2
You hit the yak. You freeze the yak.
The yak is severely wounded.
The yak closely misses you. You furiously retaliate!
You headbutt the yak. The yak gores you but does no damage.
The yak closely misses you. You furiously retaliate!
You headbutt the yak, but do no damage. The yak gores you but does no damage.
You thump the yak! You freeze the yak.
You kill the yak!
Trog accepts your kill. The yak gores you!
* * * LOW HITPOINT WARNING * * *
The yak gores you but does no damage. x2; You block the yak's attack.
The yak closely misses you.
You sock the yak! You freeze the yak.
The yak is severely wounded.
The yak closely misses you. You furiously retaliate!
You headbutt the yak, but do no damage. The yak gores you.
* * * LOW HITPOINT WARNING * * *
The yak gores you but does no damage.
You sock the yak! You freeze the yak.
You kill the yak!
Trog accepts your kill. You block the yak's attack. The yak gores you!
* * * LOW HITPOINT WARNING * * *
The yak gores you but does no damage.
Your skin crawls.
You feel strong-willed. You block the yak's attack. The yak barely misses you.
The yak gores you.
* * * LOW HITPOINT WARNING * * *
You bludgeon the yak!! You freeze the yak!
The yak is almost dead.
The yak barely misses you. You furiously retaliate!
You headbutt the yak!
You kill the yak!
Trog accepts your kill. You block the yak's attack. The yak gores you.
* * * LOW HITPOINT WARNING * * *
You barely miss the yak. The yak gores you but does no damage.
The yak gores you!
You die...

# .##.##### #.
....#..@##
##...
##...YY#.Y....
#........#...
#...<.........
#........#....
##.....#.# ##.
##......#
#####... .###


You could see 2 yaks.

Vanquished Creatures
  A two-headed ogre (D:6)
  Joseph (D:7)
  Grinder (D:4)
  4 yaks (D:8)
  Eustachio (D:5)
  2 steam dragons
  Menkaure (D:7)
  Duvessa (D:6)
  A water moccasin (D:6)
  An orc warrior (D:7)
  A black bear (D:5)
  2 ogres
  A centaur (D:6)
  2 phantoms (D:6)
  2 bullfrogs (D:6)
  A gnoll sergeant (D:7)
  7 wights
  Dowan (D:6)
  2 howler monkeys (D:7)
  3 hounds (D:5)
  A jelly (D:6)
  3 orc priests
  Crazy Yiuf (D:3)
  Terence (D:2)
  3 iguanas
  9 orc wizards
  7 gnolls
  6 adders
  A white imp (D:7)
  An ufetubus (D:5)
  6 dart slugs
  28 orcs
  2 endoplasms
  3 giant cockroaches
  9 goblins
  4 hobgoblins
  9 jackals
  3 kobolds
  6 quokkas
  14 ball pythons
  6 bats
  2 frilled lizards
  5 rats
166 creatures vanquished.

Vanquished Creatures (others)
  2 fungi (D:6)
  A plant (D:6)
3 creatures vanquished.

Grand Total: 169 creatures vanquished

Notes
Turn   | Place    | Note
-------+----------+-------------------------------------------
     0 | D:1      | Luminant the Minotaur Berserker began the quest for the
                  | Orb.
     0 | D:1      | Reached XP level 1. HP: 19/19 MP: 0/0
   283 | D:1      | Found Iseysel's General Store.
   400 | D:1      | Reached XP level 2. HP: 27/27 MP: 1/1
   905 | D:2      | Reached XP level 3. HP: 33/33 MP: 2/2
  1122 | D:2      | Reached ** piety under Trog
  1152 | D:2      | Noticed Terence
  1163 | D:2      | Killed Terence
  1164 | D:2      | Reached XP level 4. HP: 28/36 MP: 3/3
  1505 | D:3      | Found a runed translucent door.
  1506 | D:3      | Noticed Crazy Yiuf
  1514 | D:3      | Killed Crazy Yiuf
  1515 | D:3      | Reached XP level 5. HP: 47/47 MP: 4/4
  2007 | D:3      | Identified the +6 rapier "Paguj" {venom, rPois}
  2239 | D:4      | Noticed Grinder
  2239 | D:4      | Paralysed by Grinder for 3 turns
  2249 | D:4      | Paralysed by Grinder for 3 turns
  2261 | D:4      | Paralysed by Grinder for 3 turns
  2266 | D:4      | Killed Grinder
  2267 | D:4      | Reached skill level 5 in Fighting
  2267 | D:4      | Reached skill level 5 in Maces & Flails
  2267 | D:4      | Reached XP level 6. HP: 27/56 MP: 2/5
  2304 | D:4      | You fall into a shaft and drop 3 floors!
  2326 | D:5      | Entered Level 5 of the Dungeon
  2401 | D:5      | Reached skill level 5 in Armour
  2427 | D:5      | Reached XP level 7. HP: 13/62 MP: 2/6
  2648 | D:5      | Reached *** piety under Trog
  2656 | D:5      | Found a staircase to the Ecumenical Temple.
  2773 | D:5      | Noticed a steam dragon
  2774 | D:5      | Noticed Eustachio
  2781 | D:5      | Killed a steam dragon
  2782 | D:5      | Reached skill level 5 in Dodging
  2807 | D:5      | Killed Eustachio
  2993 | D:4      | Reached XP level 8. HP: 71/71 MP: 7/7
  3012 | D:4      | Reached skill level 1 in Shields
  3993 | D:6      | Noticed a two-headed ogre
  4000 | D:6      | Killed a two-headed ogre
  4001 | D:6      | Reached skill level 1 in Evocations
  4099 | D:6      | Reached XP level 9. HP: 79/79 MP: 8/8
  4128 | D:6      | Found a blossoming altar of Fedhas.
  4411 | D:6      | Noticed Duvessa
  4411 | D:6      | Noticed Dowan
  4424 | D:6      | Killed Duvessa
  4435 | D:6      | Killed Dowan
  4976 | D:7      | Noticed Joseph
  4989 | D:7      | Killed Joseph
  5014 | D:7      | Gained mutation: You are vulnerable to cold. (rC-) [potion
                  | of mutation]
  5014 | D:7      | Gained mutation: Armour fits poorly on your strangely
                  | shaped body. [potion of mutation]
  5015 | D:7      | Lost mutation: Armour fits poorly on your strangely shaped
                  | body. [potion of mutation]
  5015 | D:7      | Lost mutation: You are vulnerable to cold. (rC-) [potion of
                  | mutation]
  5015 | D:7      | Gained mutation: You are robust. (+10% HP) [potion of
                  | mutation]
  5015 | D:7      | Gained mutation: You are vulnerable to heat. (rF-) [potion
                  | of mutation]
  5015 | D:7      | Gained mutation: You have supernaturally acute eyesight.
                  | (SInv) [potion of mutation]
  5041 | D:7      | Reached **** piety under Trog
  5152 | D:7      | Reached skill level 5 in Shields
  5285 | D:7      | Found an iron altar of Okawaru.
  5305 | D:7      | Noticed Menkaure
  5309 | D:7      | Killed Menkaure
  5770 | D:8      | Reached XP level 10. HP: 37/99 MP: 2/9
  5779 | D:8      | Slain by a yak

Illustrated notes

Levels and vault maps discovered:
D:1:      dpeg_arrival_connections, layout_basic, serial_shops, shop_fountains,
          nicolae_square_shop
D:2:      layout_rooms, minmay_misc_feat_alley, minmay_tiny_reverse_x,
          uniq_terence
D:3:      layout_loops_ring, minivault_24, uniq_crazy_yiuf_cottage
D:4:      layout_gridville, glass_columns_c, uniq_grinder
D:5:      layout_gridville, minmay_temple_entry_wispy, uniq_eustachio
D:6:      layout_loops_ring, fedhas_altar_3, serial_rivers,
          chequers_serial_rivers_micro_d, chequers_serial_rivers_micro_b,
          chequers_serial_rivers_small_3, chequers_serial_rivers_micro_d,
          hangedman_abyss_or_decor_passed, uniq_duvessa
D:7:      layout_cave_pools, okawaru_metal_pillars_3, uniq_joseph, uniq_menkaure
D:8:      layout_loops_cross, nemelex_xobeh_ov_fountains_minmay,
          dpeg_lair_monsters, serial_rivers, chequers_serial_rivers_micro_e,
          chequers_serial_rivers_micro_c, chequers_serial_rivers_large_a,
          chequers_serial_rivers_room_b, chequers_serial_rivers_micro_b

Skill      XL: |  1  2  3  4  5  6  7  8  9 |
---------------+----------------------------+-----
Fighting       | 4 5 6 7 8 |  8.7
Maces & Flails | 4 5 6 7 8 |  8.8
Armour         | 3 4 5 6 8 |  8.2
Dodging        | 3 4 5 6 7 |  7.5
Shields        | 3 5 |  5.7
Evocations     | 2 3 |  3.9

Action                     |  1- 3 |  4- 6 |  7- 9 | 10-12 || total
---------------------------+-------+-------+-------+-------++-------
  Melee: Mace              |    73 |   116 |   268 |       ||   457
         Headbutt          |    13 |    12 |    62 |     1 ||    88
         Flail             |       |       |    24 |     9 ||    33
 Invoke: Berserk           |     1 |     1 |     5 |       ||     7
         Trog's Hand       |       |       |       |     1 ||     1
    Use: Scroll            |     2 |     2 |     9 |       ||    13
         Potion            |       |     2 |     4 |       ||     6
 Armour: Leather armour    |    23 |    10 |       |       ||    33
         Plate armour      |       |    82 |   283 |    14 ||   379
  Dodge: Dodged            |    49 |    58 |   104 |     8 ||   219
  Block: Kite shield       |       |       |   111 |     9 ||   120

Table legend: (Time is in decaauts)
 A = Elapsed time spent in this place.
 B = Non-inter-level travel time spent in this place.
 C = Inter-level travel time spent in this place.
 D = Time resting spent in this place.
 E = Time spent auto-exploring this place.
 F = Levels seen in this place.
 G = Mean time per level.
                   A        B        C        D        E       F      G
               +--------+--------+--------+--------+--------+-----+--------+
         Total |   5944 |   4408 |   1536 |    160 |   2871 |   8 |  743.0 |
       Dungeon |   5944 |   4408 |   1536 |    160 |   2871 |   8 |  743.0 |
               +--------+--------+--------+--------+--------+-----+--------+

Top non-repeatable levels by time:
     D:6: 1230 daAuts
     D:5: 909 daAuts
     D:1: 871 daAuts
     D:7: 835 daAuts
     D:3: 835 daAuts
     D:4: 754 daAuts
     D:2: 468 daAuts
     D:8: 39 daAuts
